 Dungeon Crawl Stone Soup version 0.29-a0-542-g075992c915 (webtiles) character file.

Game seed: 8311470120836900019

266792 zishaf the Warrior (level 21, -13/172 (182) HPs)
             Began as a Djinni Venom Mage on June 3, 2022.
             Was the Champion of Makhleb.
             Killed from afar by a deep elf annihilator (45 damage)
             ... with a crystal spear
             ... on level 3 of the Elven Halls.
             The game lasted 02:29:30 (33590 turns).

zishaf the Warrior (Djinni Venom Mage)             Turns: 33590, Time: 02:29:30

HP:   -13/172 (182) AC: 14    Str:  7    XL:     21   Next: 38%
Gold: 2246          EV: 13    Int: 32    God:    Makhleb [******] SH: 13 Dex: 18

rFire   + + +      SeeInvis +   l - staff of conjuration
rCold   + + +      Faith    .   A - +2 shield of Resistance {rF++ rC++ Will++}
rNeg    . . .      Spirit   .   v - +3 leather armour {rF+}
rPois   ∞          Reflect  .   J - +3 crown of Dyrovepreva {rElec Int+2 SInv}
rElec   +          Harm     .   n - +2 cloak
rCorr   .          Rampage  .   g - +0 pair of gloves of Polish {+Inv rC+ Int-2 Stlth+}
Will    ++++.                   (boots unavailable)
Stlth   +++.......              T - amulet of Vitality {Regen+ HP+15}
HPRegen 1.18/turn               R - +6 ring of intelligence
MPRegen 0.00/turn               C - ring of ice

@: flying, very slightly contaminated, drained
A: sickness immunity, fire resistance 2, cold vulnerability 1, float, innate
caster, HP casting, extra vitality 1, agile 1, mutation resistance 1
}: 1/15 runes: gossamer
a: Renounce Religion, Evoke Invisibility, Minor Destruction, Lesser Servant of
Makhleb, Major Destruction, Greater Servant of Makhleb


You were on level 3 of the Elven Halls.
You worshipped Makhleb.
Makhleb was exalted by your worship.
You visited 6 branches of the dungeon, and saw 31 of its levels.
You also visited: Ossuary and Ice Cave.

You collected 5717 gold pieces.
You spent 3471 gold pieces at shops.

Inventory:

Hand Weapons
 o - a +2 quick blade of draining
 H - the +6 long sword of War {elec, Will+ Int+4}
   (You took it off Donald on level 3 of the Elven Halls)

   It occasionally discharges a powerful burst of electricity upon striking a
   foe.
   Int:       It affects your intelligence (+4).
   Will:      It increases your willpower.
 Q - the +2 long sword of Fivvyex {venom, Drain rN+++ Str-3 Stlth+}
   (You found it on level 9 of the Dungeon)

   It poisons the flesh of those it strikes.
   Str:       It affects your strength (-3).
   rN:        It renders you almost immune to negative energy.
   Drain:     It drains your maximum health when unequipped.
   Stlth:     It makes you more stealthy.
Missiles
 r - a throwing net
Armour
 g - the +0 pair of gloves of Polish (worn) {+Inv rC+ Int-2 Stlth+}
   (You acquired it on level 5 of the Dungeon)

   Int:       It affects your intelligence (-2).
   rC:        It protects you from cold.
   +Inv:      It lets you turn invisible.
   Stlth:     It makes you more stealthy.
 n - a +2 cloak (worn)
 v - a +3 leather armour of fire resistance (worn)
 A - the +2 shield of Resistance (worn) {rF++ rC++ Will++}
   (You acquired it on level 2 of the Lair of Beasts)

   rF:        It greatly protects you from fire.
   rC:        It greatly protects you from cold.
   Will:      It greatly increases your willpower.
 J - the +3 crown of Dyrovepreva (worn) {rElec Int+2 SInv}
   (You found it on level 5 of the Lair of Beasts)

   Int:       It affects your intelligence (+2).
   rElec:     It insulates you from electricity.
   SInv:      It lets you see invisible.
Magical Staves
 l - a staff of conjuration (weapon)
 p - a staff of poison
 O - a staff of fire
Jewellery
 f - an amulet of reflection
 y - a +4 ring of evasion
 z - the amulet "Ronn" {Fly rC+ Regen+}
   (You took it off a deep elf death mage on level 3 of the Elven Halls)

   [amulet of regeneration]

   rC:        It protects you from cold.
   Fly:       It grants you flight.
   Regen:     It increases your rate of health regeneration.
 C - a ring of ice (right hand)
 R - a +6 ring of intelligence (left hand)
 T - the amulet of Vitality (around neck) {Regen+ HP+15}
   (You bought it in a shop on level 2 of the Orcish Mines)

   [amulet of regeneration]

   HP:        It affects your health (+15).
   Regen:     It increases your rate of health regeneration.
 V - the ring of Wijagoh {*Slow rElec rF+++ rN+ Will++}
   (You found it on level 13 of the Dungeon)

   [ring of positive energy]

   rF:        It renders you almost immune to fire.
   rElec:     It insulates you from electricity.
   rN:        It protects you from negative energy.
   *Slow:     It may slow you when you take damage.
   Will:      It greatly increases your willpower.
 Z - a ring of positive energy
Wands
 a - a wand of paralysis (22)
 m - a wand of digging (21)
 q - a wand of charming (8)
 s - a wand of flame (10)
 t - a wand of polymorph (7)
 w - a wand of acid (7)
 M - a wand of mindburst (5)
 N - a wand of iceblast (14)
Scrolls
 d - 5 scrolls of blinking
 u - 6 scrolls of teleportation
 E - 10 scrolls of fear
 L - 7 scrolls of fog
 W - a scroll of summoning
 X - 4 scrolls of magic mapping
Potions
 b - 10 potions of might
 c - 12 potions of curing
 e - 2 potions of resistance
 h - 8 potions of lignification
 i - 6 potions of haste
 j - 7 potions of heal wounds
 k - 6 potions of berserk rage
 x - 8 potions of mutation
 F - a potion of brilliance
 G - 4 potions of invisibility
 K - a potion of cancellation
 S - 5 potions of ambrosia
Miscellaneous
 U - a condenser vane
 Y - a lightning rod (4/4)


   Skills:
 + Level 19.9 Fighting
 - Level 3.0(3.3) Short Blades
 + Level 2.0(2.8) Long Blades
 - Level 6.0 Armour
 - Level 6.0 Dodging
 - Level 1.5 Stealth
 - Level 8.0 Shields
 * Level 16.8 Spellcasting
 + Level 16.6 Invocations
 - Level 12.0 Evocations


You couldn't memorise any spells.
You knew the following spells:

 Your Spells              Type           Power      Damage    Failure   Level
a - Orb of Destruction    Conj           58%        9d14      4%          7
b - Stone Arrow           Conj/Erth      100%       3d13      0%          3
c - Poisonous Vapours     Pois/Air       100%       N/A       0%          2
d - Ensorcelled Hibernat  Hex/Ice        100%       N/A       0%          2
e - Sandblast             Erth           100%       2d20      0%          1
f - Sticky Flame          Conj/Fire      100%       2d11      1%          4
g - Sting                 Tmut/Pois      100%       1d8       0%          1
h - Enfeeble              Hex            47%        N/A       4%          7
z - Mephitic Cloud        Conj/Pois/Air  100%       N/A       0%          3
A - Olgreb's Toxic Radia  Pois           94%        N/A       1%          4
B - Ozocubu's Armour      Ice            100%       N/A       0%          3
C - Summon Mana Viper     Hex/Summ       94%        N/A       1%          5
D - Spellforged Servitor  Conj/Summ      58%        N/A       4%          7
E - Eringya's Noxious Bo  Tmut/Pois      47%        N/A       1%          6
Your spell library was empty.

Dungeon Overview and Level Annotations

Branches:
Dungeon (15/15)            Temple (1/1) D:5            Lair (6/6) D:8
  Swamp (0/4) Lair:4       Spider (4/4) Lair:4        Slime (0/5) Lair:5
    Orc (2/2) D:10            Elf (3/3) Orc:2        Vaults (0/5) D:13
 Depths (0/4) D:15        Ossuary (visited)           IceCv (visited)

Altars:
Ashenzari
Cheibriados
Dithmenos
Elyvilon
Fedhas
Gozag
Hepliaklqana
Kikubaaqudgha
Makhleb
Nemelex Xobeh
Okawaru
Qazlal
Ru
Sif Muna
Trog
Uskayaw
Vehumet
Wu Jian
Xom
Yredelemnul
Zin
The Shining One
Beogh
Lugonu

Shops:
D:2 (   D:10 *   D:14 *   Orc:1 *   Orc:2 *[=(   Elf:1 *:!*   Elf:2 (


Innate Abilities, Weirdness & Mutations

You are immune to sickness and miasma.
You are immune to poison.
Your flesh is very heat resistant. (rF++)
You are vulnerable to cold. (rC-)
You float through the air rather than walking.
You learn spells naturally, not from books.
Your magical power is your life essence.
You have superior vitality. (+4 MHP)
You are agile. (Dex +2)
You are somewhat resistant to further mutation.


Message History

Unknown command.
Casting: Eringya's Noxious Bog (mildly dangerous; 1% risk of failure)
Confirm with . or Enter, or press ? or * to list all spells.
Aiming: Orb of Destruction (dangerous; 4% risk of failure)
Press: ? - help, Shift-Dir - straight line, f - deep elf death mage
Aim: a deep elf death mage, wielding a +0 vorpal long sword (moderately wounded, extremely poisoned, ally target)
You feel a surge of power!
* * * LOW HITPOINT WARNING * * *
The deep elf death mage festers in the toxic bog!
The deep elf death mage looks as sick as possible!
Your spellforged servitor launches a ball of destructive magic.
The wavering orb of destruction weakly hits the deep elf death mage!!
Your noxious spew wanes.
The orb of destruction hits the deep elf death mage!!!
You blow up the deep elf death mage!
Makhleb accepts your kill.
You feel better.
Your Long Blades skill increases to level 2!
Casting: Orb of Destruction (dangerous; 4% risk of failure)
Confirm with . or Enter, or press ? or * to list all spells.
Aiming: Orb of Destruction (dangerous; 4% risk of failure)
Press: ? - help, Shift-Dir - straight line, f - deep elf annihilator
Aim: a deep elf annihilator, wielding a +0 long sword (moderately wounded, extremely poisoned, ally target)
You feel a surge of power!
You miscast Orb of Destruction.
You are very lightly contaminated with residual magic.
Nothing appears to happen.
* * * LOW HITPOINT WARNING * * *
The deep elf annihilator points at you and mumbles some strange words.
The bolt of lightning hits you! You resist.
* * * LOW HITPOINT WARNING * * *
Casting: Orb of Destruction (dangerous; 4% risk of failure)
Confirm with . or Enter, or press ? or * to list all spells.
Aiming: Orb of Destruction (dangerous; 4% risk of failure)
Press: ? - help, Shift-Dir - straight line, f/p - deep elf annihilator
Aim: a deep elf annihilator, wielding a +0 long sword (heavily wounded, very poisoned, ally target)
You feel a surge of power!
* * * LOW HITPOINT WARNING * * *
The deep elf annihilator casts a spell at you.
The crystal spear hits you!!!
You die...

#.).#...# ##....
##...#..)## #..P..
##.........## ##....
##...##..)...## #....
#...###..)....# ##...
#..###..9.....# ##...
#.###....e.)).# ##'#.P
####...#.*...##
##.##.. #...###@..##
##.##### ##.###.).###
#.## ## ####.).##.#
### ##. #...##.# ##..
###[##..# ### ##...
#.)[[..# ##(# #....
#..[))####.## #....
#........'## #....
###.).....########....


You could see a deep elf annihilator (very poisoned, ally target) and a friendly
spellforged servitor (summoned).

Vanquished Creatures
  Arachne (Spider:4)
  Rupert (D:13)
  2 deep elf blademasters (Elf:3)
  Gastronok (Lair:3)
  A deep elf master archer (Elf:3)
  The ghost of royokou the Eclecticist, an adept MeEE of Ashenzari (D:15)
  A shadow dragon (Elf:1)
  Donald (Elf:3)
  An azure jelly (IceCv)
  A frost giant (D:15)
  An iron dragon (Elf:1)
  5 emperor scorpions
  4 deep elf sorcerers (Elf:3)
  5 ghost moths
  5 deep elf elementalists (Elf:3)
  An orc warlord (Orc:2)
  A broodmother (Spider:3)
  2 quicksilver oozes (IceCv)
  Nessos (D:12)
  2 entropy weavers (Spider:4)
  5 deep elf annihilators
  5 deep elf demonologists
  6 spark wasps
  6 deep elf death magi
  An ettin (Orc:2)
  2 fire dragons
  Harold (D:9)
  3 deep elf high priests
  Josephine (D:10)
  8 boulder beetles
  9 hydras
  3 centaur warriors (D:13)
  2 jorogumos (Spider:3)
  An ogre mage (D:15)
  8 two-headed ogres
  30 dancing weapons
  3 radroaches (Spider:4)
  A catoblepas (Lair:6)
  4 tengu warriors (D:15)
  A death scarab (Spider:4)
  24 deep elf knights
  4 death yaks (Lair:6)
  An orc high priest (Orc:2)
  Sonja (Lair:2)
  8 pharaoh ants
  6 steelbarb worms
  3 skeletal warriors (D:14)
  3 sun moths
  9 orb spiders
  2 bog bodies (Lair:4)
  A swamp dragon (Lair:6)
  Pikel (D:4)
  The ghost of pigah the Zephyrmancer, a novice OpAE of Gozag (D:7)
  16 deep elf pyromancers
  25 deep elf zephyrmancers
  5 orc knights
  10 deep elf archers
  13 wolf spiders
  An ugly thing (D:11)
  5 cyclopes
  2 manticores (D:15)
  5 orc sorcerers
  15 elephants
  5 black mambas
  6 torpor snails
  2 ice statues (IceCv)
  A gargoyle (D:5)
  Joseph (D:9)
  12 cane toads
  3 rime drakes
  12 demonic crawlers
  16 komodo dragons
  A kobold demonologist (D:13)
  A yaktaur (D:13)
  2 entropy weaver simulacra (IceCv)
  4 trolls
  8 polar bears
  The ghost of turdburglar the Chopper, an amateur HOFi of Hepliaklqana (D:3)
  29 tarantellas
  Grinder (D:4)
  6 meliai (Spider:4)
  A blink frog (shapeshifter) (D:15)
  22 slime creatures
  2 hornets
  4 blink frogs (Lair:5)
  6 dream sheep (Lair:6)
  A raiju (Lair:6)
  A jumping spider (shapeshifter) (D:13)
  Sigmund (D:4)
  37 jumping spiders
  17 culicivoras
  3 wyverns
  2 spriggans (Lair:5)
  3 air elementals
  9 wraiths
  8 water elementals
  2 vampires
  16 humans (D:13)
  30 yaks
  6 basilisks
  Eustachio (D:4)
  A golden eye (shapeshifter) (D:14)
  2 steam dragons
  10 vampire mosquitoes
  57 redbacks
  10 wargs
  6 demonic crawler simulacra (IceCv)
  4 acid dragons
  10 water moccasins
  Duvessa (D:5)
  14 hell hounds (Lair:6)
  2 ice beasts
  A sky beast (D:7)
  2 swamp drakes (Lair:6)
  30 orc warriors
  13 black bears
  4 ugly thing simulacra (IceCv)
  23 wolves
  7 ogres
  7 centaurs
  A boggart (Lair:5)
  A kobold brigand (D:8)
  4 lemures (D:4)
  15 bullfrogs
  5 scorpions
  2 glowing shapeshifter simulacra (IceCv)
  4 earth elementals
  3 necrophages
  12 wights
  Dowan (D:5)
  18 killer bees
  8 howler monkeys
  2 electric eels
  7 jellies
  3 hounds
  Crazy Yiuf (D:2)
  13 orc priests
  Ijyb (D:4)
  8 iguanas
  23 orc wizards
  A mummy (Ossuary)
  4 adders
  13 white imps
  2 ufetubi
  A worm (D:2)
  3 dart slugs
  59 orcs
  2 bats (D:2)
  8 endoplasms
  2 giant cockroaches
  7 goblins
  6 hobgoblins
  6 jackals
  2 quokkas
  6 ball pythons
  A frilled lizard (D:2)
  10 gnoll skeletons (Ossuary)
  4 kobolds
  5 kobold skeletons (Ossuary)
  10 orc skeletons (Ossuary)
  3 rats
1073 creatures vanquished.

Vanquished Creatures (collateral kills)
  A deep elf master archer (Elf:3)
  Asterion (Elf:2)
  A deep elf sorcerer (Elf:3)
  A deep elf elementalist (Elf:3)
  The ghost of Esyluf the Cleaver, a journeyman GnCA of Ignis (Lair:5)
  A quicksilver ooze (IceCv)
  4 deep elf annihilators (Elf:3)
  2 deep elf death magi (Elf:3)
  A fire dragon (Elf:1)
  The ghost of turdburglar the Slicer, a journeyman HuFi of Okawaru (D:13)
  A deep elf high priest (Elf:3)
  A dancing weapon (Elf:3)
  A deep elf knight (Elf:3)
  A spriggan (Lair:5)
  A steelbarb worm (Spider:2)
  A deep elf archer (Elf:3)
  A deep elf pyromancer (Elf:3)
  2 deep elf zephyrmancers
  A spectral centaur (D:13)
  2 centaur zombies (D:13)
  A komodo dragon (Lair:2)
  A queen bee (shapeshifter) (Elf:1)
  A hornet (Lair:5)
  A tarantella (Spider:1)
  2 polar bears (Lair:6)
  3 slime creatures (IceCv)
  A centaur simulacrum (D:13)
  A fire elemental (Elf:3)
  2 hell hounds (Lair:6)
  A water moccasin (Lair:2)
  A hornet zombie (D:13)
  2 black bears (Lair:6)
  2 wolves (Lair:6)
  A boggart simulacrum (D:13)
  2 white imps (Lair:2)
  A ball python (D:3)
  A bat (D:3)
50 creatures vanquished.

Vanquished Creatures (others)
  A deep elf death mage (Elf:3)
  A deep elf knight (Elf:1)
  A slime creature (IceCv)
  A water elemental (Elf:3)
  A redback (Spider:3)
  A demonic crawler simulacrum (IceCv)
  An orc warrior (Orc:2)
  A glowing shapeshifter simulacrum (IceCv)
  46 fungi
  80 plants
134 creatures vanquished.

Grand Total: 1257 creatures vanquished

Notes
Turn   | Place    | Note
-------+----------+-------------------------------------------
     0 | D:1      | zishaf the Djinni Venom Mage began the quest for the Orb.
     0 | D:1      | Reached XP level 1. HP: 15/15 MP: 0/0
    22 | D:1      | Found a faded altar of an unknown god.
   253 | D:1      | Reached XP level 2. HP: 18/22 MP: 0/0
   506 | D:1      | Reached skill level 1 in Fighting
   736 | D:1      | Reached XP level 3. HP: 27/27 MP: 0/0
   736 | D:1      | Learned a level 1 spell: Sandblast
  1075 | D:2      | Found Ecsuw's Weapon Shop.
  1629 | D:2      | Found a runed translucent door.
  1737 | D:2      | Noticed Crazy Yiuf
  1756 | D:2      | Killed Crazy Yiuf
  1757 | D:2      | Reached XP level 4. HP: 33/33 MP: 0/0
  2117 | D:3      | Found a faded altar of an unknown god.
  2120 | D:3      | Found a blossoming altar of Fedhas.
  2126 | D:3      | Identified the ring "Igorehe" {*Corrode rPois rC+ MP+9}
  2163 | D:3      | Found a hide-covered altar of Uskayaw.
  2165 | D:3      | Found a snail-covered altar of Cheibriados.
  2369 | D:3      | Reached skill level 2 in Fighting
  2386 | D:3      | Found a runed translucent door.
  2548 | D:3      | Noticed turdburglar's ghost (amateur HOFi)
  2739 | D:4      | Reached XP level 5. HP: 34/38 MP: 0/0
  2739 | D:4      | Learned a level 2 spell: Ensorcelled Hibernation
  2755 | D:4      | Noticed Eustachio
  2778 | D:4      | Killed Eustachio
  2779 | D:4      | Reached skill level 3 in Fighting
  2779 | D:4      | Reached XP level 6. HP: 18/46 MP: 0/0
  2821 | D:4      | Noticed Ijyb
  2837 | D:4      | Killed Ijyb
  2911 | D:4      | Noticed Pikel
  2945 | D:4      | Killed Pikel
  2946 | D:4      | Reached skill level 4 in Fighting
  2946 | D:4      | Reached skill level 5 in Spellcasting
  2946 | D:4      | Reached XP level 7. HP: 40/52 MP: 0/0
  2946 | D:4      | Learned a level 3 spell: Stone Arrow
  2946 | D:4      | Reached XP level 8. HP: 44/58 MP: 0/0
  3062 | D:4      | Noticed Sigmund
  3068 | D:4      | Noticed Grinder
  3075 | D:4      | Killed Sigmund
  3083 | D:4      | Paralysed by Grinder for 3 turns
  3091 | D:4      | Killed Grinder
  3092 | D:4      | Reached skill level 5 in Fighting
  3197 | D:4      | Found a bloodstained altar of Trog.
  3494 | D:5      | Entered Level 5 of the Dungeon
  3499 | D:5      | Identified a scroll of acquirement
  3499 | D:5      | Acquired the +0 pair of gloves of Polish {+Inv rC+ Int-2
                  | Stlth+}
  3537 | D:5      | Found a staircase to the Ecumenical Temple.
  3542 | D:5      | Reached XP level 9. HP: 65/65 MP: 0/0
  3542 | D:5      | Learned a level 3 spell: Ozocubu's Armour
  3544 | Temple   | Entered the Ecumenical Temple
  3703 | D:5      | Found a sacrificial altar of Ru.
  3776 | D:5      | Identified the +1 leather armour of Ronuiz {+Inv rElec
                  | SInv}
  3831 | D:5      | Noticed a gargoyle
  3943 | D:5      | Found a burning altar of Makhleb.
  3949 | D:5      | Became a worshipper of Makhleb the Destroyer
  3964 | D:5      | Found a broken altar of Ashenzari.
  4407 | D:5      | Noticed Duvessa
  4503 | D:5      | Reached skill level 6 in Fighting
  4644 | D:5      | Noticed Dowan
  4712 | D:6      | Found an iron altar of Okawaru.
  4721 | D:6      | Reached skill level 1 in Invocations
  4998 | D:6      | Reached skill level 5 in Evocations
  5096 | D:6      | Identified the +0 ring mail "Listoiq" {Dex+4}
  5196 | D:6      | Found a glowing silver altar of Zin.
  5196 | D:6      | Found a glowing golden altar of the Shining One.
  5196 | D:6      | Found a white marble altar of Elyvilon.
  5589 | D:3      | Killed turdburglar's ghost
  5674 | D:5      | Killed Dowan
  5681 | D:5      | Killed a gargoyle
  5682 | D:5      | Reached XP level 10. HP: 43/73 MP: 0/0
  5685 | D:5      | Killed Duvessa
  5774 | D:7      | Reached * piety under Makhleb
  5775 | D:7      | Reached skill level 7 in Fighting
  6164 | D:7      | Found a runed translucent gate.
  6165 | D:7      | Found a runed translucent gate.
  6165 | D:7      | Found a runed translucent gate.
  6167 | D:7      | Noticed pigah's ghost (novice OpAE)
  6645 | D:7      | Killed pigah's ghost
  6691 | D:8      | Reached skill level 5 in Invocations
  6697 | D:8      | Reached skill level 8 in Fighting
  6757 | D:8      | Reached ** piety under Makhleb
  6838 | D:8      | Reached XP level 11. HP: 63/82 MP: 0/0
  6838 | D:8      | Learned a level 4 spell: Sticky Flame
  6849 | D:8      | Found a staircase to the Lair.
  6894 | D:8      | Found a sand-covered staircase.
  6920 | Ossuary  | Entered an ossuary
  7439 | D:9      | Noticed a two-headed ogre
  7449 | D:9      | Killed a two-headed ogre
  7450 | D:9      | Reached skill level 9 in Fighting
  7472 | D:9      | Reached *** piety under Makhleb
  7595 | D:9      | Noticed Joseph
  7608 | D:9      | Killed Joseph
  7695 | D:9      | You are sucked into a shaft and drop 1 floor!
  7695 | D:10     | Entered Level 10 of the Dungeon
  7745 | D:10     | Found Sonip's Neck Hole.
  7849 | D:9      | Noticed Harold
  7860 | D:9      | Killed Harold
  8302 | D:9      | Identified the +2 long sword of Fivvyex {venom, Drain rN+++
                  | Str-3 Stlth+}
  8600 | D:10     | Noticed Josephine
  8676 | D:10     | Found a staircase to the Orcish Mines.
  8711 | D:10     | Reached skill level 10 in Fighting
  8848 | D:10     | Reached XP level 12. HP: 91/91 MP: 0/0
  8937 | D:10     | Killed Josephine
  9279 | D:11     | Reached **** piety under Makhleb
  9363 | D:11     | Reached skill level 1 in Armour
  9509 | D:11     | Noticed a two-headed ogre
  9518 | D:11     | Killed a two-headed ogre
  9613 | D:11     | Reached skill level 10 in Spellcasting
  9766 | Lair:1   | Entered Level 1 of the Lair of Beasts
  9924 | Lair:1   | Reached skill level 11 in Fighting
 10024 | Lair:1   | Found an ornate altar of the Wu Jian Council.
 10026 | Lair:1   | Found a hide-covered altar of Uskayaw.
 10026 | Lair:1   | Noticed a boulder beetle
 10032 | Lair:1   | Killed a boulder beetle
 10306 | Lair:2   | Reached XP level 13. HP: 63/99 MP: 0/0
 10306 | Lair:2   | Learned a level 5 spell: Summon Mana Viper
 10552 | Lair:2   | Noticed Sonja
 10559 | Lair:2   | Found a frozen archway.
 10589 | Lair:2   | Reached ***** piety under Makhleb
 10594 | IceCv    | Entered an ice cave
 10701 | IceCv    | Reached skill level 10 in Invocations
 10906 | IceCv    | Noticed a quicksilver ooze
 11171 | IceCv    | Killed a quicksilver ooze
 11179 | IceCv    | Noticed a quicksilver ooze
 11522 | IceCv    | Reached skill level 12 in Fighting
 11658 | IceCv    | Killed a quicksilver ooze
 11835 | IceCv    | Noticed a quicksilver ooze
 11843 | IceCv    | Killed a quicksilver ooze
 11850 | IceCv    | Found a viscous altar of Jiyva.
 11850 | IceCv    | Noticed an azure jelly
 11860 | IceCv    | Killed an azure jelly
 11955 | IceCv    | Identified the +1 leather armour of Prudence {Harm rElec
                  | rPois Slay-4}
 12070 | Lair:2   | Acquired the +2 shield of Resistance {rF++ rC++ Will++}
 12070 | Lair:2   | Found the +2 shield of Resistance {rF++ rC++ Will++}
 12239 | Lair:2   | Killed Sonja
 12450 | Lair:3   | Noticed Gastronok
 12453 | Lair:3   | Reached skill level 1 in Shields
 12454 | Lair:3   | Noticed an eight-headed hydra
 12547 | Lair:3   | Reached XP level 14. HP: 32/108 MP: 0/0
 12723 | Lair:3   | Reached XP level 15. HP: 113/113 MP: 0/0
 12723 | Lair:3   | Learned a level 6 spell: Eringya's Noxious Bog
 12724 | Lair:3   | Reached XP level 16. HP: 120/120 MP: 0/0
 13054 | Lair:3   | Killed Gastronok
 14349 | Lair:4   | Found a hole to the Spider Nest.
 14467 | Lair:4   | Found a staircase to the Swamp.
 14718 | Lair:5   | Reached skill level 13 in Fighting
 14803 | Lair:5   | Found a staircase to the Slime Pits.
 14937 | Lair:5   | Gained mutation: You are weak. (Str -2) [potion of
                  | mutation]
 14937 | Lair:5   | Gained mutation: You are frail. (-10% HP) [potion of
                  | mutation]
 14938 | Lair:5   | Lost mutation: You are weak. (Str -2) [potion of mutation]
 14938 | Lair:5   | Lost mutation: You are frail. (-10% HP) [potion of
                  | mutation]
 14938 | Lair:5   | Gained mutation: Your body sometimes deteriorates upon
                  | taking damage. [potion of mutation]
 14939 | Lair:5   | Lost mutation: Your body sometimes deteriorates upon taking
                  | damage. [potion of mutation]
 14939 | Lair:5   | Gained mutation: You have hidden genetic defects. [potion
                  | of mutation]
 14940 | Lair:5   | Lost mutation: You have hidden genetic defects. [potion of
                  | mutation]
 14940 | Lair:5   | Gained mutation: You are somewhat resistant to further
                  | mutation. [potion of mutation]
 14940 | Lair:5   | Gained mutation: You are agile. (Dex +2) [potion of
                  | mutation]
 15348 | Lair:5   | Found a runed translucent door.
 15348 | Lair:5   | Found the +3 crown of Dyrovepreva {rElec Int+2 SInv}
 15350 | Lair:5   | Identified the +2 trident of Leubly {flame, rF++ rCorr
                  | Str-5 Int+2}
 15353 | Lair:5   | Noticed Esyluf's ghost (journeyman GnCA)
 15382 | Lair:5   | Found a hazy altar of Hepliaklqana.
 16047 | Lair:5   | Killed Esyluf's ghost
 16127 | Lair:6   | Entered Level 6 of the Lair of Beasts
 16599 | Lair:6   | Reached ****** piety under Makhleb
 16638 | Lair:6   | Reached XP level 17. HP: 82/128 MP: 0/0
 16638 | Lair:6   | Learned a level 7 spell: Orb of Destruction
 16753 | Lair:6   | Reached skill level 14 in Fighting
 17027 | Lair:6   | Identified the +5 hand axe of the Solstice {freeze, rElec
                  | rC- rCorr Str+7}
 17038 | Lair:6   | Acquired 1170 gold pieces
 17394 | Lair:6   | Reached skill level 5 in Dodging
 17743 | Orc:1    | Entered Level 1 of the Orcish Mines
 17781 | Orc:1    | Found Piarphes's Mayhem Merchandise.
 17854 | Orc:2    | Entered Level 2 of the Orcish Mines
 18152 | Orc:2    | Reached skill level 5 in Armour
 18284 | Orc:2    | Found Dagittim's Jewellery Shoppe.
 18343 | Orc:2    | Found a staircase to the Elven Halls.
 18588 | Orc:2    | Found Tisuan's Antique Armour Shoppe.
 18672 | Orc:2    | Found Ifocoam's General Store.
 18686 | Orc:2    | Found Ziwidd's Antique Weapon Shoppe.
 18976 | Orc:2    | Bought a scroll of acquirement for 936 gold pieces
 18976 | Orc:2    | Bought a wand of digging (2) for 216 gold pieces
 18992 | Orc:2    | Bought the amulet of Vitality {Regen+ HP+15} for 1343 gold
                  | pieces
 18992 | Orc:2    | Found the amulet of Vitality {Regen+ HP+15}
 19118 | Orc:2    | Acquired a manual of Fighting
 19560 | D:12     | Noticed Nessos
 19573 | D:12     | Killed Nessos
 20247 | D:13     | Found a runed translucent gate.
 20248 | D:13     | Found a runed translucent gate.
 20249 | D:13     | Found a runed translucent gate.
 20250 | D:13     | Noticed turdburglar's ghost (journeyman HuFi)
 20465 | D:13     | Noticed Rupert
 20475 | D:13     | Killed Rupert
 20499 | D:13     | Found a gate to the Vaults.
 20878 | D:13     | Killed turdburglar's ghost
 20892 | D:13     | Identified the ring of Wijagoh {*Slow rElec rF+++ rN+
                  | Will++}
 20976 | D:14     | Reached skill level 15 in Fighting
 21038 | D:14     | Found a shimmering altar of Xom.
 21038 | D:14     | Found a shimmering altar of Xom.
 21039 | D:14     | Found a shimmering altar of Xom.
 21039 | D:14     | Found a shimmering altar of Xom.
 21039 | D:14     | Found a shimmering altar of Xom.
 21040 | D:14     | Found a shimmering altar of Xom.
 21763 | D:14     | Found Xafum's Assorted Antiques.
 21771 | D:14     | Bought a potion of curing for 69 gold pieces
 21771 | D:14     | Bought a translucent ring mail for 207 gold pieces
 21771 | D:14     | Identified the +5 ring mail of the Land of Plenty {-Tele
                  | rC- Dex+8 Stlth+} (You bought it in a shop on level 14 of
                  | the Dungeon)
 21909 | D:15     | Entered Level 15 of the Dungeon
 22116 | D:15     | Reached XP level 18. HP: 138/138 MP: 0/0
 22868 | D:15     | Found a staircase to the Depths.
 22953 | D:15     | Found a runed translucent door.
 22958 | D:15     | Noticed royokou's ghost (adept MeEE)
 22994 | D:15     | Killed royokou's ghost
 23441 | Spider:1 | Entered Level 1 of the Spider Nest
 23897 | Spider:1 | Reached skill level 16 in Fighting
 25456 | Spider:3 | Reached skill level 10 in Evocations
 25905 | Spider:3 | Reached skill level 17 in Fighting
 25905 | Spider:3 | Reached XP level 19. HP: 148/148 MP: 0/0
 25905 | Spider:3 | Learned a level 7 spell: Enfeeble
 26080 | Spider:3 | Found a hide-covered altar of Uskayaw.
 26581 | Spider:4 | Entered Level 4 of the Spider Nest
 27054 | Spider:4 | Noticed Arachne
 27056 | Spider:4 | Reached skill level 15 in Invocations
 27073 | Spider:4 | Killed Arachne
 27350 | Spider:4 | Reached skill level 15 in Spellcasting
 28028 | Spider:4 | Got a gossamer rune of Zot
 28619 | Elf:1    | Entered Level 1 of the Elven Halls
 28654 | Elf:1    | Reached skill level 18 in Fighting
 28676 | Elf:1    | Found Isichaqi's Assorted Antiques.
 28680 | Elf:1    | Bought a scroll of blinking for 210 gold pieces
 28825 | Elf:1    | Identified the +7 flail of the Thing {freeze, *Noise rElec
                  | rPois rF++}
 29131 | Elf:1    | Found Lucwo's Book Shop.
 29263 | Elf:1    | Found Tiest's Assorted Antiques.
 29272 | Elf:1    | Bought a scroll of magic mapping for 115 gold pieces
 29325 | Elf:1    | Found Xugoloac's Distillery.
 29333 | Elf:1    | Bought a potion of mutation for 120 gold pieces
 29333 | Elf:1    | Bought a potion of mutation for 120 gold pieces
 29333 | Elf:1    | Bought a potion of heal wounds for 75 gold pieces
 29408 | Elf:1    | Bought a potion of brilliance for 60 gold pieces
 29451 | Elf:1    | Paralysed by an air elemental for 1 turns
 29455 | Elf:1    | Reached XP level 20. HP: 137/158 MP: 0/0
 29741 | Elf:1    | Found a runed translucent gate.
 29741 | Elf:1    | Found a runed translucent gate.
 29741 | Elf:1    | Found a runed translucent gate.
 29741 | Elf:1    | Found a runed translucent gate.
 29741 | Elf:1    | Found a runed translucent gate.
 29742 | Elf:1    | Found a runed translucent gate.
 30130 | Elf:2    | Paralysed by an air elemental for 1 turns
 30139 | Elf:2    | Identified the +2 robe "Oshuekk" {*Corrode rF+ Archmagi}
 30189 | Elf:2    | Found Fuosch's Antique Weapon Emporium.
 30598 | Elf:2    | Found a runed translucent gate.
 30599 | Elf:2    | Found a runed translucent gate.
 30599 | Elf:2    | Found a runed translucent gate.
 31110 | Elf:2    | Noticed Asterion
 31134 | Elf:2    | Killed Asterion
 31308 | Elf:2    | Reached skill level 19 in Fighting
 31698 | Elf:3    | Entered Level 3 of the Elven Halls
 32167 | Elf:3    | Reached skill level 1 in Short Blades
 32668 | Elf:3    | Reached XP level 21. HP: 118/167 MP: 0/0
 32668 | Elf:3    | Learned a level 7 spell: Spellforged Servitor
 32801 | Elf:3    | Identified the +6 long sword of War {elec, Will+ Int+4}
 32801 | Elf:3    | Noticed Donald
 32806 | Elf:3    | Killed Donald
 32820 | Elf:3    | Identified the +9 long sword of Death {chaos, rF+ Will+
                  | Int+4}
 32820 | Elf:3    | Identified the +7 war axe of the Head {vorpal, *Rage Dex+3
                  | Stlth+}
 32820 | Elf:3    | Identified the +3 hunting sling "Leidd" {venom, rPois Will+
                  | Int+7 Stlth-}
 32859 | Elf:3    | Identified the amulet "Ronn" {Fly rC+ Regen+}
 33136 | Elf:3    | Noticed a Tzitzimitl
 33142 | Elf:3    | Reached skill level 1 in Long Blades
 33556 | Elf:3    | Identified the amulet of Lesh {Faith rN+++ Will- rCorr
                  | Str+2}
 33590 | Elf:3    | Killed from afar by a deep elf annihilator

Illustrated notes

Levels and vault maps discovered:
D:1:      mrwooster_arrival_statue_2, layout_basic,
          nicolae_ecumenical_snake_handling, kennysheep_crisscross
D:2:      layout_basic, serial_corexii_hall, chequers_hall_statues_y,
          corexii_hall_statues_l, serial_shops, shop, minmay_misc_feat_doors,
          uniq_crazy_yiuf_cottage
D:3:      layout_basic, nicolae_overflow_ecumenical_swirl,
          nicolae_overflow_squiral, ebering_ghost_reflecting_pool
D:4:      layout_basic, nzn_overflow_gifts_of_might_and_magic, uniq_grinder,
          uniq_ijyb, uniq_pikel, uniq_eustachio, uniq_sigmund
D:5:      layout_basic, makhleb_heckhound_becter,
          nicolae_ru_the_path_less_chosen, mainiacjoe_overflow_chevrons,
          ashenzari_altar_1, mainiacjoe_overflow_alcove_2,
          minmay_temple_entry_proselytizer, uniq_duvessa
D:6:      layout_basic, good_gods_mini_temple, overflow_temple_1_default,
          minivault_24, hex_tiny, kennysheep_flooded_box
D:7:      layout_loops_corners, ebering_ghost_rock_garden
D:8:      layout_rooms, due_lair_maze_entry_diamond, enter_ossuary_1
D:9:      layout_basic, uniq_harold, uniq_joseph
D:10:     layout_irregular_city, david_orc_2, minmay_misc_feat_iff,
          nicolae_shop_sticking_my_neck_out, uniq_josephine
D:11:     layout_roguey
D:12:     layout_cave_pools, uniq_nessos
D:13:     wander_river, layout_loops_ring, david_vaults_3,
          gammafunk_ghost_necromancy
D:14:     layout_basic, serial_shops, nicolae_shop_overgrown_old_shop,
          xom_redecorated, patterned_corridor
D:15:     grunt_enter_depths_snipers, layout_small_grid,
          ebering_ghost_inner_flame, hangedman_decor_cross_pass,
          serial_bayou_lake_a
Temple:   corrupted_temple
Lair:1:   layout_concentric_octagons, minivault_25,
          nzn_masters_of_martial_movement, lemuel_fruit_tree
Lair:2:   layout_misc_corridors, portal_ice_cave_entry_imps,
          columned_hall_lemuel, uniq_sonja
Lair:3:   layout_misc_corridors, st_stairs_12, beast_lair_carwin_10,
          grunt_megastairs_4, serial_bayou_shore_b, uniq_gastronok
Lair:4:   layout_layer_cave, skrybe_swamp_entry_bodies,
          spider_nest_entry_web_field, grunt_megastairs_1
Lair:5:   layout_layer_cave, nicolae_slime_entry_slimehenge,
          ebering_ghost_funeral_grove, basic_altar
Lair:6:   guppyfry_lair_end_dragon, layout_regular_city,
          hangedman_lair_caniforms_friends, infiniplex_staircase_pool_2,
          serial_bayou_shore_a, uniq_rupert
Spider:1: layout_cave_pods, hangedman_spider_tarantella_strand
Spider:2: layout_spider_delve, hellmonk_watch_for_rolling_rocks
Spider:3: layout_chambers, nicolae_spider_altar_of_dancing
Spider:4: guppyfry_spider_rune, nicolae_spider_some_kinda_spiderbox,
          uniq_arachne
Orc:1:    layout_caves, serial_shops, basic_altar, minmay_shop_mayhem
Orc:2:    grunt_orc_cross, layout_caves, statue_in_the_mist_lemuel,
          nooodl_orcs_dogs
Elf:1:    layout_gridlike, serial_shops, nicolae_lakefront_shop,
          nicolae_shop_trees, nicolae_shop_stone, shop, orc_legates
Elf:2:    nicolae_elf_blades_crystal_corner, layout_rooms, serial_shops,
          nicolae_take_the_stairs, minivault_27, grunt_ministairs_13,
          hangedman_elven_ridges, uniq_asterion
Elf:3:    grunt_elf_hall_asides, layout_geoelf_grid, st_stairs_6, uniq_donald

Skill      XL: |  1  2  3  4  5  6  7  8  9 10 11 12 13 14 15 16 17 18 19 20 21 |
---------------+----------------------------------------------------------------+-----
Fighting       | 1 2 3 4 5 6 8 10 11 12 13 15 17 18 19 | 19.9
Spellcasting   | 3 4 5 6 7 8 9 10 11 12 13 14 15 16 | 16.8
Evocations     | 2 3 5 8 9 10 11 12 | 12.0
Invocations    | 3 5 8 9 11 12 13 14 15 16 | 16.6
Armour         | 3 4 6 |  6.0
Dodging        | 3 4 6 |  6.0
Shields        | 2 7 8 |  8.0
Short Blades   | 2 3 |  3.0
Long Blades    | 2 |  2.0
Stealth        | |  1.5

Action                   |  1- 3 |  4- 6 |  7- 9 | 10-12 | 13-15 | 16-18 | 19-21 || total
-------------------------+-------+-------+-------+-------+-------+-------+-------++-------
Melee: Unarmed           |     4 |       |       |       |       |       |       ||     4
       Dagger            |    12 |    51 |    82 |    85 |       |       |       ||   230
       Punch             |       |     3 |       |       |       |       |       ||     3
       Staff             |       |       |       |    10 |     5 |    44 |     8 ||    67
 Cast: Sting             |    42 |    12 |    32 |     4 |       |       |     1 ||    91
       Poisonous Vapours |    10 |    15 |    10 |     3 |       |     4 |       ||    42
       Sandblast         |     5 |       |     6 |    82 |     7 |     2 |       ||   102
       Mephitic Cloud    |     3 |    10 |    13 |    33 |    16 |    47 |    23 ||   145
       Ensorcelled Hiber |       |     1 |     1 |       |       |     2 |       ||     4
       Stone Arrow       |       |       |    27 |   149 |   129 |   783 |   506 ||  1594
       Olgreb's Toxic Ra |       |       |     3 |    17 |     7 |    56 |    49 ||   132
       Ozocubu's Armour  |       |       |     1 |     3 |     1 |     3 |       ||     8
       Sticky Flame      |       |       |       |    17 |    14 |    20 |       ||    51
       Summon Mana Viper |       |       |       |       |    11 |     6 |    10 ||    27
       Eringya's Noxious |       |       |       |       |       |    52 |    28 ||    80
       Enfeeble          |       |       |       |       |       |       |     5 ||     5
       Orb of Destructio |       |       |       |       |       |       |    79 ||    79
       Spellforged Servi |       |       |       |       |       |       |    11 ||    11
Invok: Lesser Servant of |       |       |       |       |     3 |       |       ||     3
       Greater Servant o |       |       |       |       |       |     3 |     2 ||     5
Evoke: Wand              |       |       |     1 |     1 |       |     7 |       ||     9
       Condenser vane    |       |       |       |       |       |     1 |       ||     1
  Use: Scroll            |       |       |    14 |    13 |     8 |     4 |     1 ||    40
       Potion            |       |       |       |       |     2 |     7 |       ||     9
 Stab: Confused          |     1 |    11 |     2 |     3 |       |     1 |     1 ||    19
       Sleeping          |       |     1 |     4 |     2 |       |       |       ||     7
       Distracted        |       |     1 |       |       |       |     1 |       ||     2
       Paralysed         |       |       |       |     6 |       |       |       ||     6
Armor: Robe              |     6 |    11 |       |       |       |       |       ||    17
       Leather armour    |       |     2 |    57 |   103 |    46 |   174 |    77 ||   459
Dodge: Dodged            |    17 |    33 |    73 |   134 |    51 |   235 |   156 ||   699
Block: Kite shield       |       |       |       |       |     9 |   304 |   211 ||   524

Table legend: (Time is in decaauts)
 A = Elapsed time spent in this place.
 B = Non-inter-level travel time spent in this place.
 C = Inter-level travel time spent in this place.
 D = Time resting spent in this place.
 E = Time spent auto-exploring this place.
 F = Levels seen in this place.
 G = Mean time per level.
                   A        B        C        D        E       F      G
               +--------+--------+--------+--------+--------+-----+--------+
         Total |  33695 |  30788 |   2907 |   3438 |  17650 |  33 | 1021.1 |
       Dungeon |  13767 |  12474 |   1293 |    273 |   9094 |  15 |  917.8 |
        Temple |     52 |     39 |     13 |      0 |      0 |   1 |   52.0 |
          Lair |   6549 |   5824 |    725 |    443 |   3608 |   6 | 1091.5 |
   Spider Nest |   4910 |   4744 |    166 |    730 |   2267 |   4 | 1227.5 |
  Orcish Mines |   1953 |   1572 |    381 |    148 |    991 |   2 |  976.5 |
   Elven Halls |   4828 |   4502 |    326 |    947 |   1591 |   3 | 1609.3 |
       Ossuary |    182 |    182 |      0 |      0 |     51 |   1 |  182.0 |
      Ice Cave |   1450 |   1450 |      0 |    897 |     48 |   1 | 1450.0 |
               +--------+--------+--------+--------+--------+-----+--------+

Top non-repeatable levels by time:
   Elf:3: 1657 daAuts
Spider:4: 1632 daAuts
   Elf:2: 1630 daAuts
   Orc:2: 1556 daAuts
Spider:3: 1547 daAuts
   Elf:1: 1540 daAuts
   IceCv: 1450 daAuts
  Lair:6: 1445 daAuts
  Lair:5: 1422 daAuts
     D:5: 1245 daAuts
    D:15: 1228 daAuts
Spider:1: 1147 daAuts
  Lair:4: 1127 daAuts
    D:14: 1120 daAuts
    D:10: 1083 daAuts
